 Dungeon Crawl Stone Soup version 0.27-a0-909-g0721f309d1 (webtiles) character file.

Game seed: 10703540417890492801

92 robertstho the Ducker (level 4, -6/21 HPs)
             Began as a Felid Monk on Apr 8, 2021.
             Killed from afar by Sigmund (9 damage)
             ... with a magic dart
             ... on level 2 of the Dungeon.
             The game lasted 00:02:26 (1954 turns).

robertstho the Ducker (Felid Monk)                  Turns: 1954, Time: 00:02:27

Health: -6/21      AC:  1    Str:  8    XL:     4   Next: 35%
Magic:  5/5        EV: 19    Int: 11    God:
Gold:   114        SH:  0    Dex: 18    Spells: 3/3 levels left
                                        Lives:  0   Deaths: 1

rFire    . . .     SeeInvis +     - Unarmed
rCold    . . .     Faith    .   (shield unavailable)
rNeg     . . .     Spirit   .   (armour unavailable)
rPois    .         Reflect  .   (helmet unavailable)
rElec    .         Harm     .   (cloak unavailable)
rCorr    .         Rampage  .   (gloves unavailable)
Will     .....                  (boots unavailable)
Stlth    +++.......             d - amulet of regeneration
HPRegen  1.07/turn              (no ring)
MPRegen  0.09/turn              (no ring)

@: quick
A: very small, claws 1, fangs 3, see invisible, speed 1, shaggy fur 1, stealthy
paws, no weapons or thrown items, no armour, multi-lived
a: no special abilities


You were on level 2 of the Dungeon.
You visited 1 branch of the dungeon, and saw 2 of its levels.

You collected 114 gold pieces.

Inventory:

Jewellery
 d - an amulet of regeneration (around neck)
Scrolls
 c - 2 scrolls of immolation {unknown}
 e - a scroll of brand weapon {unknown}
 f - a scroll of summoning {unknown}
 h - a scroll of fear {unknown}
 i - a scroll of blinking {unknown}
Potions
 a - a potion of degeneration {unknown}
 b - a potion of curing
 g - a potion of resistance {unknown}


   Skills:
 + Level 3.4 Fighting
 + Level 5.0 Dodging
 + Level 4.3 Stealth
 + Level 4.5 Unarmed Combat


You had 3 spell levels left.
You didn't know any spells.
Your spell library contained the following spells:

 Spells                   Type           Power      Damage    Failure   Level
 Animate Skeleton         Necr           0%         N/A       34%         1
 Apportation              Tloc           0%         N/A       34%         1
 Corona                   Hex            0%         N/A       34%         1
 Summon Small Mammal      Summ           0%         N/A       34%         1


Dungeon Overview and Level Annotations

Branches:
Dungeon (2/15)

Altars:

Annotations:
D:2 1 runed translucent door, Crazy Yiuf, Sigmund


Innate Abilities, Weirdness & Mutations

You have sharp claws.
You have razor-sharp teeth.
You have supernaturally acute eyesight. (SInv)
You cover ground quickly. (Speed+)
You are covered in fur. (AC +1)
Your stealthy paws help you sneak and pounce on unaware monsters.
You are incapable of wielding weapons or throwing items.
You cannot wear armour.
You gain extra lives every three experience levels.


Message History

No target in view!
No target in view!
No target in view!
No target in view!
No target in view!
No target in view!
No target in view!
No target in view!
You see here a frilled lizard corpse.
There is a stone staircase leading up here.
A giant cockroach comes into view.
Found a +0 robe.
There are monsters nearby!
There are monsters nearby!
There are monsters nearby!
There are monsters nearby!
The helpless giant cockroach fails to defend itself.
You mangle the giant cockroach!!
You kill the giant cockroach!
You see here a giant cockroach corpse.
You see here a +0 robe.
You closely miss Sigmund.
Sigmund shouts!
Sigmund completely misses you.
You scratch Sigmund.
Sigmund is lightly wounded.
Sigmund completely misses you.
You barely miss Sigmund. You bite Sigmund.
Sigmund is lightly wounded.
Sigmund hits you with a +0 scythe!
You scratch Sigmund.
Sigmund is moderately wounded.
Sigmund zaps a wand.
The puff of flame hits you!
Ouch! That really hurt!
* * * LOW HITPOINT WARNING * * *
You barely miss Sigmund. Your bite misses Sigmund.
Sigmund is moderately wounded.
Sigmund casts a spell at you. The magic dart hits you!
You die...

#.#.....#..#..................
#.............................
#####................)........
#.###############.........
#.#...# #........#########
#.#.#.# #.######. #.###.# #.#
#. #.....# #@# #. ####### #@#
#. ####### #†# .. #^....#
#.######## #.....# #......<.#
#.....# ########.#
#.....############.#
#..................#
#..................#
#..................#########


You could see Sigmund.

Vanquished Creatures
  Jessica (D:2)
  2 orc wizards (D:2)
  A gnoll (D:1)
  3 adders (D:2)
  A worm (D:2)
  A dart slug (D:1)
  2 orcs (D:2)
  4 endoplasms
  4 giant cockroaches
  A goblin (D:1)
  4 hobgoblins
  4 jackals (D:1)
  A quokka (D:1)
  2 ball pythons (D:2)
  2 bats (D:2)
  5 frilled lizards
  5 rats
43 creatures vanquished.

Notes
Turn   | Place    | Note
-------+----------+-------------------------------------------
     0 | D:1      | robertstho the Felid Monk began the quest for the Orb.
     0 | D:1      | Reached XP level 1. HP: 10/10 MP: 2/2
    63 | D:1      | Reached XP level 2. HP: 14/14 MP: 3/3
   661 | D:1      | Found a faded altar of an unknown god.
   880 | D:1      | Reached XP level 3. HP: 17/17 MP: 4/4
  1314 | D:2      | Noticed Sigmund
  1383 | D:2      | Noticed Jessica
  1415 | D:2      | Reached XP level 4. HP: 21/21 MP: 5/5
  1428 | D:2      | Killed Jessica
  1746 | D:2      | Noticed an ogre
  1753 | D:2      | Slain by an ogre
  1754 | D:2      | Reached XP level 3. HP: -4/17 MP: 4/4
  1772 | D:2      | Reached XP level 4. HP: 20/21 MP: 5/5
  1782 | D:2      | Reached skill level 5 in Dodging
  1880 | D:2      | Found a runed translucent door.
  1881 | D:2      | Noticed Crazy Yiuf
  1954 | D:2      | Killed from afar by Sigmund

Illustrated notes

Levels and vault maps discovered:
D:1:      lemuel_arrival_cross, layout_loops_corners,
          ebering_ecumenical_altar_rust
D:2:      layout_basic, nrook_mini_vaults, minmay_unequal,
          uniq_crazy_yiuf_cottage, uniq_jessica, uniq_sigmund

Skill      XL: |  1  2  3  4 |
---------------+-------------+-----
Stealth        | 3 4 |  4.3
Unarmed Combat | 4 |  4.5
Dodging        | 5 |  5.0
Fighting       | |  3.4

Action                   |  1- 3 |  4- 6 || total
-------------------------+-------+-------++-------
Melee: Unarmed           |    91 |    43 ||   134
       Bite              |     6 |     1 ||     7
       Punch             |     1 |       ||     1
  Use: Scroll            |     2 |       ||     2
       Potion            |     2 |       ||     2
 Stab: Sleeping          |     7 |     2 ||     9
       Distracted        |     1 |       ||     1
Armor: Skin              |     9 |     8 ||    17
Dodge: Dodged            |    54 |    36 ||    90

Table legend: (Time is in decaauts)
 A = Elapsed time spent in this place.
 B = Non-inter-level travel time spent in this place.
 C = Inter-level travel time spent in this place.
 D = Time resting spent in this place.
 E = Time spent auto-exploring this place.
 F = Levels seen in this place.
 G = Mean time per level.
                   A        B        C        D        E       F      G
               +--------+--------+--------+--------+--------+-----+--------+
         Total |   1682 |   1642 |     40 |    114 |   1222 |   2 |  841.0 |
       Dungeon |   1682 |   1642 |     40 |    114 |   1222 |   2 |  841.0 |
               +--------+--------+--------+--------+--------+-----+--------+

Top non-repeatable levels by time:
     D:1: 1030 daAuts
     D:2: 651 daAuts
